Map: [TLMC15] Sanguinite

Players

ИИ 1 (новичок)

  • Race: Terran Terran
  • Spawn Location: 7:00

firefoxsray - Winner!

  • Race: Terran Terran
  • League: Diamond
  • Spawn Location: 1:00

VOD

Have the link to the VOD?

Description

anither ine replay of trying do a perfect pig b2gm series2 d2 opening of tvt

Time

  • Played on: June 9, 2024, 6:27 a.m.
  • Length: 11:56
Show
View Real Time Build Order
Export as new Build Order

ИИ 1 (новичок) Terran 

Build Orders:  

Get SALT Encoding   

  12  0:00  SCV  
  13  0:13  SCV  
  14  0:18  Supply Depot  
  14  0:36  Refinery  
  14  0:42  Barracks  
  14  1:02  Supply Depot  
  14  1:11  Refinery  
  14  1:29  Barracks Tech Lab, Orbital Command  
  14  1:47  Marine  
  15  1:54  SCV  
  16  2:06  SCV  
  17  2:18  SCV  
  18  2:30  SCV  
  18  2:33  Marine  
  20  2:42  SCV  
  21  2:54  SCV  
  22  3:20  Marauder  
  24  6:26  Marine  
  24  6:45  SCV  
  25  6:49  Supply Depot  
  22  6:54  Marine  
  22  6:57  SCV  
  2  7:23  Supply Depot  
  2  7:25  Command Center  
  2  7:49  Command Center  
  2  8:39  SCV  
  3  8:52  SCV  
  4  9:03  Refinery  
  4  9:04  SCV  
  4  9:05  SCV, Barracks  
  4  9:17  SCV  
  4  9:19  SCV  
  4  9:20  Refinery  
  5  9:29  SCV  
  5  9:32  Supply Depot  
  5  9:34  SCV  
  6  9:38  Refinery  
  6  9:41  SCV  
  7  9:48  SCV  
  8  9:53  Marine  
  8  9:55  SCV  
  8  9:56  Factory  
  10  10:01  Orbital Command  
  10  10:07  SCV  
  10  10:12  Barracks Tech Lab  
  11  10:19  SCV  
  12  10:26  SCV  
  13  10:30  Marine  
  13  10:33  SCV  
  15  10:40  SCV  
  16  10:43  Starport  
  16  10:48  SCV  
  17  10:55  SCV  
  18  11:01  Marine  
  18  11:02  SCV  
  20  11:09  SCV  
  15  11:17  SCV  
  1  11:48  Supply Depot  
Show
View Real Time Build Order
Export as new Build Order

firefoxsray Terran - Winner!

Build Orders:  

Get SALT Encoding   

  12  0:00  SCV  
  13  0:12  SCV  
  14  0:17  Supply Depot  
  14  0:24  SCV  
  15  0:38  SCV  
  15  0:39  Barracks  
  16  0:43  Refinery  
  16  0:50  SCV  
  16  0:54  Refinery  
  17  1:02  SCV  
  18  1:15  SCV  
  19  1:26  Reaper  
  19  1:27  Orbital Command  
  20  1:41  Factory  
  20  1:43  Supply Depot  
  20  1:52  SCV  
  21  1:58  Reaper  
  22  2:04  SCV  
  23  2:16  SCV  
  23  2:22  Command Center  
  24  2:28  SCV  
  25  2:31  Hellion  
  27  2:40  Starport  
  27  2:42  SCV  
  28  2:45  Barracks Reactor  
  28  2:51  Supply Depot  
  28  2:54  SCV  
  29  3:02  Cyclone  
  31  3:10  Refinery  
  31  3:13  SCV  
  31  3:18  Starport Tech Lab  
  32  3:22  Marine x2  
  35  3:27  SCV  
  35  3:34  Orbital Command  
  35  3:37  Raven, Factory Tech Lab  
  35  3:39  SCV  
  38  3:44  Marine x2  
  40  3:48  Interference Matrix  
  40  3:53  Supply Depot  
  40  3:57  SCV  
  40  4:01  Siege Tank  
  44  4:05  SCV  
  45  4:11  SCV  
  45  4:12  Raven  
  45  4:15  Marine x2  
  50  4:18  SCV  
  51  4:25  SCV  
  51  4:30  SCV  
  53  4:33  Siege Tank  
  53  4:34  Supply Depot  
  53  4:37  Marine x2  
  58  4:40  SCV  
  58  4:42  SCV  
  60  4:53  SCV  
  60  4:54  SCV  
  60  4:58  Supply Depot  
  62  5:02  Viking x2  
  62  5:03  Supply Depot  
  62  5:05  SCV  
  62  5:06  SCV  
  68  5:07  Marine  
  69  5:17  SCV  
  69  5:19  Siege Tank  
  69  5:20  SCV  
  74  5:23  Supply Depot  
  74  5:25  Marine  
  74  5:26  Stimpack  
  75  5:29  SCV  
  75  5:32  SCV  
  77  5:41  SCV  
  78  5:44  SCV, Command Center  
  78  5:46  Marine  
  78  5:47  Viking x2  
  84  5:53  SCV  
  85  6:00  Siege Tank  
  88  6:09  Supply Depot  
  88  6:15  SCV x2, Barracks x2  
  88  6:16  Refinery  
  87  6:27  SCV x2  
  89  6:34  Siege Tank  
  89  6:35  Marine  
  89  6:36  Medivac x2  
  89  6:38  Supply Depot  
  89  6:39  SCV x2, Supply Depot  
  99  7:04  Barracks Reactor  
  99  7:05  Orbital Command  
  99  7:09  Barracks Reactor, Engineering Bay x2  
  99  7:11  Siege Tank, Marine  
  99  7:12  Combat Shield  
  99  7:13  Viking  
  99  7:14  SCV x2  
  107  7:16  Supply Depot  
  107  7:22  Orbital Command  
  107  7:26  SCV x2  
  109  7:31  Refinery  
  109  7:32  Refinery  
  109  7:42  SCV x2  
  109  7:43  Marine  
  109  7:44  Marine x2  
  113  7:45  Siege Tank  
  113  7:46  Viking x2  
  113  7:47  Marine x2  
  113  7:48  Supply Depot  
  123  7:52  SCV, Supply Depot  
  123  7:54  SCV  
  123  7:55  SCV  
  126  7:58  Terran Infantry Weapons Level 1  
  126  7:59  Terran Infantry Armor Level 1  
  126  8:01  Marine x2  
  126  8:02  Marine  
  126  8:04  Marine  
  126  8:05  Marine  
  131  8:06  SCV  
  131  8:07  SCV  
  131  8:12  SCV  
  134  8:15  Supply Depot  
  134  8:16  Supply Depot  
  134  8:18  SCV  
  134  8:19  SCV, Marine  
  137  8:21  Marine  
  137  8:22  Siege Tank  
  137  8:23  Viking x2  
  137  8:24  SCV  
  146  8:31  SCV x2  
  148  8:35  Marine  
  148  8:37  SCV, Marine x3  
  148  8:39  Marine  
  154  8:42  Barracks x2  
  154  8:49  Armory  
  154  8:51  Supply Depot x2  
  154  8:52  Marine  
  154  8:54  Marine x2  
  154  8:55  Marine  
  158  9:01  SCV  
  159  9:05  Command Center, Marine  
  159  9:06  Siege Tank  
  159  9:08  Medivac  
  165  9:12  Marine x3, Medivac  
  165  9:15  Supply Depot  
  165  9:16  Supply Depot  
  170  9:23  Marine x2  
  172  9:25  Concussive Shells  
  172  9:29  Barracks Reactor  
  172  9:30  Marine x2, Barracks Reactor, Factory  
  175  9:37  Marine  
  174  9:41  Marine x2  
  176  9:48  Marine  
  176  9:50  Marine  
  176  9:51  Siege Tank  
  176  9:52  Viking x2  
  183  9:54  Marine  
  183  9:59  Marine x2, Supply Depot  
  188  10:00  Supply Depot  
  188  10:22  Viking  
  188  10:24  Planetary Fortress  
  190  10:29  Marine x8  
  190  10:30  Marine, Factory Tech Lab  
  199  10:36  Command Center  
  199  10:39  Refinery  
  199  10:40  Refinery  
  199  10:41  Command Center  
  199  10:47  Marine  
  200  11:31  Barracks x2  
  200  11:33  Barracks  
Tags
 
League
Diamond
Matchup
ТvТ
Spawn Locations
Cross Positions
Add a new tag
Caveats
  • Supply blocks, unpowered buildings, or Contaminate may cause inaccurate times.
  • Supply counts are checked every 10 seconds.